 Dungeon Crawl Stone Soup version 0.31.0-9-g3a7656b989 (webtiles) character file.

Game seed: 2908517557744981818

196 qw the Skirmisher (level 5, 0/29 HPs)
             Began as a Deep Elf Hunter on Feb 3, 2024.
             Slain by an orc
             ... wielding a +0 club
              (3 damage)
             ... on level 4 of the Dungeon.
             The game lasted 00:06:03 (2485 turns).

qw the Skirmisher (Deep Elf Hunter)                 Turns: 2485, Time: 00:06:03

Health: 0/29       AC:  5    Str: 10    XL:     5   Next: 46%
Magic:  7/7        EV: 11    Int: 14    God:
Gold:   213        SH:  0    Dex: 18    Spells: 4/4 levels left

rFire   . . .        a - +0 shortbow (drain)
rCold   . . .        (shield currently unavailable)
rNeg    . . .        g - +0 ring mail
rPois   +            (no helmet)
rElec   .            (no cloak)
rCorr   .            (no gloves)
SInv    .            (no boots)
Will    .....        (no amulet)
Stlth   +            i - ring of poison resistance
HPRegen 0.24/turn    (no ring)
MPRegen 0.10/turn

%: no passive effects
@: no status effects
A: no striking features
a: no special abilities


You were on level 4 of the Dungeon.
You visited 1 branch of the dungeon, and saw 4 of its levels.

You collected 213 gold pieces.


   Skills:
 + Level 1.5 Fighting
 - Level 9.0 Ranged Weapons
 - Level 2.4 Dodging
 - Level 1.2 Stealth


You had 4 spell levels left.
You didn't know any spells.
Your spell library was empty.

Inventory:

Hand Weapons
 a - a +0 shortbow of draining (weapon)
Armour
 g - a +0 ring mail (worn)
Jewellery
 i - a ring of poison resistance (left hand)
Potions
 c - a potion of attraction {unknown}
 d - a potion of resistance
 e - a potion of lignification {unknown}
 f - a potion of curing {unknown}
 h - a potion of mutation {unknown}
 k - a potion of degeneration {unknown}
 l - a potion of brilliance {unknown}

Dungeon Overview and Level Annotations

Branches:
Dungeon (4/15)
 Temple: D:4-7

Altars:
Yredelemnul


Message History

Enter note:
Enter note:
2474 ||| PLANNING D:1-11
2474 ||| FLEEEEING.
You start resting.
Something hits you but does no damage.
Deactivating autopickup; reactivate with Ctrl-A.
Autopickup is now on.
You start resting.
Something hits you but does no damage.
Deactivating autopickup; reactivate with Ctrl-A.
Autopickup is now on.
2478 ||| FLEEEEING.
Something hits you but does no damage.
Deactivating autopickup; reactivate with Ctrl-A.
Autopickup is now on.
2479 ||| FLEEEEING.
You hear some strange, mumbled words.
A puff of flame appears from out of thin air!
Deactivating autopickup; reactivate with Ctrl-A.
The puff of flame hits you!
You shoot an arrow.
A magic dart appears from out of thin air!
The magic dart hits you!
You shoot an arrow.
Reactivating autopickup.
You feel a bit more experienced.
Your Ranged Weapons skill increases to level 9!
You shoot an arrow.
The arrow hits the orc but does no damage.
You shoot an arrow. The arrow hits the orc.
The orc is moderately wounded.
The orc closely misses you.
You shoot an arrow. The arrow closely misses the orc.
The arrow closely misses the orc priest.
The orc hits you but does no damage.
You shoot an arrow. The arrow hits the orc.
You drain the orc.
The orc is severely wounded.
The orc hits you with a +0 club.
You die...

...........# #.# #.# #.# ..
.########### #.# #.# #.###.#
<# ########.## #.#####.....##
.# #..<......# #.............
.# #.######.## ##############
.# #.# #..# #...... .# #>#
#.# #.#####
.#######.#######.# #.#
.##.....#.....##@# #.#
.##.####.####.##o# #.# .##.#
#.# #.##o# #.# .##.#
#.####.##.# #.#
.##.####)o.......# #.#
...........o)....# #####.#
###.#########.##.######...).#
#...........##........#####
#######################


You could see an orc priest and an orc (very drained).

Vanquished Creatures
  A scorpion (D:4)
  A jelly (D:4)
  An orc wizard (D:4)
  An adder (D:2)
  2 ribbon worms (D:2)
  2 dart slugs
  An orc (D:4)
  5 ball pythons
  5 endoplasms
  A giant cockroach (D:2)
  4 goblins
  12 hobgoblins
  9 jackals
  3 quokkas (D:2)
  2 bats (D:3)
  A frilled lizard (D:1)
  6 kobolds
  6 rats
63 creatures vanquished.

Notes
Turn   | Place    | Note
-------+----------+-------------------------------------------
     0 | D:1      | qw the Deep Elf Hunter began the quest for the Orb.
     0 | D:1      | Reached XP level 1. HP: 12/12 MP: 3/3
     0 | D:1      | 0 ||| qw: Version: 0.3-a-155-g5e7d8dd
     0 | D:1      | 0 ||| qw: Game counter: 2893
     0 | D:1      | 0 ||| qw: Melee chars always use a shield: true
     0 | D:1      | 0 ||| qw: God list: Okawaru
     0 | D:1      | 0 ||| qw: Allow faded altars: false
     0 | D:1      | 0 ||| qw: Do Orc after clearing Dungeon:15 true
     0 | D:1      | 0 ||| qw: Do second Lair branch before Depths: true
     0 | D:1      | 0 ||| qw: Lair rune preference: random
     0 | D:1      | 0 ||| qw: Goals: Normal
     0 | D:1      | 0 ||| PLANNING D:1-11
   223 | D:1      | Reached XP level 2. HP: 16/16 MP: 4/4
   263 | D:1      | Reached skill level 6 in Ranged Weapons
   323 | D:1      | 323 ||| READING scroll labelled BEXAODOZAL.
   324 | D:1      | 324 ||| READING scroll labelled AXADOYPHUA.
   324 | D:1      | 324 ||| IDENTIFYING brown potion
   325 | D:1      | 325 ||| READING scroll labelled DIRROXZ AKUGO.
   326 | D:1      | 326 ||| DROPPING scroll of butterflies.
   327 | D:1      | 327 ||| DROPPING potion of magic.
   533 | D:2      | Reached XP level 3. HP: 20/20 MP: 5/5
  1011 | D:2      | Reached skill level 7 in Ranged Weapons
  1233 | D:2      | 1233 ||| UPGRADING to +0 ring mail.
  1243 | D:2      | 1243 ||| DROPPING +0 leather armour.
  1244 | D:2      | 1244 ||| READING scroll of identify.
  1244 | D:2      | 1244 ||| IDENTIFYING glowing black potion
  1245 | D:2      | 1245 ||| READING scroll labelled ZITOXTEURI.
  1520 | D:3      | Reached XP level 4. HP: 25/25 MP: 6/6
  1651 | D:3      | Found a faded altar of an unknown god.
  1655 | D:3      | Found a basalt altar of Yredelemnul.
  1912 | D:3      | 1912 ||| UPGRADING to ring of poison resistance.
  1913 | D:3      | 1913 ||| READING scroll labelled UTEEXT OGOU.
  1914 | D:3      | 1914 ||| READING scroll labelled VOM XIXKYD.
  1915 | D:3      | 1915 ||| READING scroll labelled IKAG SAOROHASCH.
  1915 | D:3      | 1915 ||| BRANDING +0 shortbow.
  2073 | D:3      | 2073 ||| Stepping randomly (stuck).
  2074 | D:3      | 2074 ||| Stepping randomly (stuck).
  2075 | D:3      | 2075 ||| Stepping randomly (stuck).
  2076 | D:3      | 2076 ||| Stepping randomly (stuck).
  2077 | D:3      | 2077 ||| Stepping randomly (stuck).
  2078 | D:3      | 2078 ||| Stepping randomly (stuck).
  2079 | D:3      | 2079 ||| Stepping randomly (stuck).
  2080 | D:3      | 2080 ||| Stepping randomly (stuck).
  2081 | D:3      | 2081 ||| Stepping randomly (stuck).
  2082 | D:3      | 2082 ||| Stepping randomly (stuck).
  2083 | D:3      | 2083 ||| Stepping randomly (stuck).
  2084 | D:3      | 2084 ||| Stepping randomly (stuck).
  2085 | D:3      | 2085 ||| Stepping randomly (stuck).
  2086 | D:3      | 2086 ||| Stepping randomly (stuck).
  2087 | D:3      | 2087 ||| Stepping randomly (stuck).
  2088 | D:3      | 2088 ||| Stepping randomly (stuck).
  2089 | D:3      | 2089 ||| Stepping randomly (stuck).
  2090 | D:3      | 2090 ||| Stepping randomly (stuck).
  2091 | D:3      | 2091 ||| Stepping randomly (stuck).
  2092 | D:3      | 2092 ||| Stepping randomly (stuck).
  2093 | D:3      | 2093 ||| Stepping randomly (stuck).
  2094 | D:3      | 2094 ||| Stepping randomly (stuck).
  2095 | D:3      | 2095 ||| Stepping randomly (stuck).
  2096 | D:3      | 2096 ||| Stepping randomly (stuck).
  2097 | D:3      | 2097 ||| Stepping randomly (stuck).
  2098 | D:3      | 2098 ||| Stepping randomly (stuck).
  2099 | D:3      | 2099 ||| Stepping randomly (stuck).
  2100 | D:3      | 2100 ||| Stepping randomly (stuck).
  2101 | D:3      | 2101 ||| Stepping randomly (stuck).
  2102 | D:3      | 2102 ||| Stepping randomly (stuck).
  2103 | D:3      | 2103 ||| Stepping randomly (stuck).
  2104 | D:3      | 2104 ||| Stepping randomly (stuck).
  2105 | D:3      | 2105 ||| Stepping randomly (stuck).
  2106 | D:3      | 2106 ||| Stepping randomly (stuck).
  2107 | D:3      | 2107 ||| Stepping randomly (stuck).
  2108 | D:3      | 2108 ||| Stepping randomly (stuck).
  2109 | D:3      | 2109 ||| Stepping randomly (stuck).
  2110 | D:3      | 2110 ||| Stepping randomly (stuck).
  2111 | D:3      | 2111 ||| Stepping randomly (stuck).
  2112 | D:3      | 2112 ||| Stepping randomly (stuck).
  2113 | D:3      | 2113 ||| Stepping randomly (stuck).
  2114 | D:3      | 2114 ||| Stepping randomly (stuck).
  2115 | D:3      | 2115 ||| Stepping randomly (stuck).
  2116 | D:3      | 2116 ||| Stepping randomly (stuck).
  2117 | D:3      | 2117 ||| Stepping randomly (stuck).
  2118 | D:3      | 2118 ||| Stepping randomly (stuck).
  2119 | D:3      | 2119 ||| Stepping randomly (stuck).
  2120 | D:3      | 2120 ||| Stepping randomly (stuck).
  2121 | D:3      | 2121 ||| Stepping randomly (stuck).
  2122 | D:3      | 2122 ||| Stepping randomly (stuck).
  2123 | D:3      | 2123 ||| Stepping randomly (stuck).
  2124 | D:3      | 2124 ||| Stepping randomly (stuck).
  2125 | D:3      | 2125 ||| Stepping randomly (stuck).
  2126 | D:3      | 2126 ||| Stepping randomly (stuck).
  2127 | D:3      | 2127 ||| Stepping randomly (stuck).
  2128 | D:3      | 2128 ||| Stepping randomly (stuck).
  2129 | D:3      | 2129 ||| Stepping randomly (stuck).
  2130 | D:3      | 2130 ||| Stepping randomly (stuck).
  2131 | D:3      | 2131 ||| Stepping randomly (stuck).
  2132 | D:3      | 2132 ||| Stepping randomly (stuck).
  2133 | D:3      | 2133 ||| Stepping randomly (stuck).
  2134 | D:3      | 2134 ||| Stepping randomly (stuck).
  2135 | D:3      | 2135 ||| Stepping randomly (stuck).
  2136 | D:3      | 2136 ||| Stepping randomly (stuck).
  2137 | D:3      | 2137 ||| Stepping randomly (stuck).
  2138 | D:3      | 2138 ||| Stepping randomly (stuck).
  2139 | D:3      | 2139 ||| Stepping randomly (stuck).
  2140 | D:3      | 2140 ||| Stepping randomly (stuck).
  2141 | D:3      | 2141 ||| Stepping randomly (stuck).
  2142 | D:3      | 2142 ||| Stepping randomly (stuck).
  2143 | D:3      | 2143 ||| Stepping randomly (stuck).
  2144 | D:3      | 2144 ||| Stepping randomly (stuck).
  2145 | D:3      | 2145 ||| Stepping randomly (stuck).
  2146 | D:3      | 2146 ||| Stepping randomly (stuck).
  2147 | D:3      | 2147 ||| Stepping randomly (stuck).
  2148 | D:3      | 2148 ||| Stepping randomly (stuck).
  2149 | D:3      | 2149 ||| Stepping randomly (stuck).
  2150 | D:3      | 2150 ||| Stepping randomly (stuck).
  2151 | D:3      | 2151 ||| Stepping randomly (stuck).
  2152 | D:3      | 2152 ||| Stepping randomly (stuck).
  2153 | D:3      | 2153 ||| Stepping randomly (stuck).
  2154 | D:3      | 2154 ||| Stepping randomly (stuck).
  2155 | D:3      | 2155 ||| Stepping randomly (stuck).
  2156 | D:3      | 2156 ||| Stepping randomly (stuck).
  2157 | D:3      | 2157 ||| Stepping randomly (stuck).
  2158 | D:3      | 2158 ||| Stepping randomly (stuck).
  2159 | D:3      | 2159 ||| Stepping randomly (stuck).
  2160 | D:3      | 2160 ||| Stepping randomly (stuck).
  2161 | D:3      | 2161 ||| Stepping randomly (stuck).
  2162 | D:3      | 2162 ||| Stepping randomly (stuck).
  2163 | D:3      | 2163 ||| Stepping randomly (stuck).
  2164 | D:3      | 2164 ||| Stepping randomly (stuck).
  2165 | D:3      | 2165 ||| Stepping randomly (stuck).
  2166 | D:3      | 2166 ||| Stepping randomly (stuck).
  2167 | D:3      | 2167 ||| Stepping randomly (stuck).
  2168 | D:3      | 2168 ||| Stepping randomly (stuck).
  2169 | D:3      | 2169 ||| Stepping randomly (stuck).
  2170 | D:3      | 2170 ||| Stepping randomly (stuck).
  2171 | D:3      | 2171 ||| Stepping randomly (stuck).
  2172 | D:3      | 2172 ||| Stepping randomly (stuck).
  2173 | D:3      | 2173 ||| Stepping randomly (stuck).
  2174 | D:3      | 2174 ||| Stepping randomly (stuck).
  2175 | D:3      | 2175 ||| Stepping randomly (stuck).
  2176 | D:3      | 2176 ||| Stepping randomly (stuck).
  2177 | D:3      | 2177 ||| Stepping randomly (stuck).
  2178 | D:3      | 2178 ||| Stepping randomly (stuck).
  2179 | D:3      | 2179 ||| Stepping randomly (stuck).
  2180 | D:3      | 2180 ||| Stepping randomly (stuck).
  2181 | D:3      | 2181 ||| Stepping randomly (stuck).
  2182 | D:3      | 2182 ||| Stepping randomly (stuck).
  2183 | D:3      | 2183 ||| Stepping randomly (stuck).
  2184 | D:3      | 2184 ||| Stepping randomly (stuck).
  2185 | D:3      | 2185 ||| Stepping randomly (stuck).
  2186 | D:3      | 2186 ||| Stepping randomly (stuck).
  2187 | D:3      | 2187 ||| Stepping randomly (stuck).
  2188 | D:3      | 2188 ||| Stepping randomly (stuck).
  2189 | D:3      | 2189 ||| Stepping randomly (stuck).
  2190 | D:3      | 2190 ||| Stepping randomly (stuck).
  2191 | D:3      | 2191 ||| Stepping randomly (stuck).
  2192 | D:3      | 2192 ||| Stepping randomly (stuck).
  2193 | D:3      | 2193 ||| Stepping randomly (stuck).
  2194 | D:3      | 2194 ||| Stepping randomly (stuck).
  2195 | D:3      | 2195 ||| Stepping randomly (stuck).
  2196 | D:3      | 2196 ||| Stepping randomly (stuck).
  2197 | D:3      | 2197 ||| Stepping randomly (stuck).
  2198 | D:3      | 2198 ||| Stepping randomly (stuck).
  2199 | D:3      | 2199 ||| Stepping randomly (stuck).
  2200 | D:3      | 2200 ||| Stepping randomly (stuck).
  2201 | D:3      | 2201 ||| Stepping randomly (stuck).
  2202 | D:3      | 2202 ||| Stepping randomly (stuck).
  2203 | D:3      | 2203 ||| Stepping randomly (stuck).
  2204 | D:3      | 2204 ||| Stepping randomly (stuck).
  2205 | D:3      | 2205 ||| Stepping randomly (stuck).
  2206 | D:3      | 2206 ||| Stepping randomly (stuck).
  2207 | D:3      | 2207 ||| Stepping randomly (stuck).
  2208 | D:3      | 2208 ||| Stepping randomly (stuck).
  2209 | D:3      | 2209 ||| Stepping randomly (stuck).
  2210 | D:3      | 2210 ||| Stepping randomly (stuck).
  2211 | D:3      | 2211 ||| Stepping randomly (stuck).
  2212 | D:3      | 2212 ||| Stepping randomly (stuck).
  2213 | D:3      | 2213 ||| Stepping randomly (stuck).
  2214 | D:3      | 2214 ||| Stepping randomly (stuck).
  2215 | D:3      | 2215 ||| Stepping randomly (stuck).
  2216 | D:3      | 2216 ||| Stepping randomly (stuck).
  2217 | D:3      | 2217 ||| Stepping randomly (stuck).
  2218 | D:3      | 2218 ||| Stepping randomly (stuck).
  2219 | D:3      | 2219 ||| Stepping randomly (stuck).
  2220 | D:3      | 2220 ||| Stepping randomly (stuck).
  2221 | D:3      | 2221 ||| Stepping randomly (stuck).
  2222 | D:3      | 2222 ||| Stepping randomly (stuck).
  2223 | D:3      | 2223 ||| Stepping randomly (stuck).
  2224 | D:3      | 2224 ||| Stepping randomly (stuck).
  2225 | D:3      | 2225 ||| Stepping randomly (stuck).
  2226 | D:3      | 2226 ||| Stepping randomly (stuck).
  2227 | D:3      | 2227 ||| Stepping randomly (stuck).
  2228 | D:3      | 2228 ||| Stepping randomly (stuck).
  2229 | D:3      | 2229 ||| Stepping randomly (stuck).
  2230 | D:3      | 2230 ||| Stepping randomly (stuck).
  2231 | D:3      | 2231 ||| Stepping randomly (stuck).
  2232 | D:3      | 2232 ||| Stepping randomly (stuck).
  2233 | D:3      | 2233 ||| Stepping randomly (stuck).
  2234 | D:3      | 2234 ||| Stepping randomly (stuck).
  2235 | D:3      | 2235 ||| Stepping randomly (stuck).
  2236 | D:3      | 2236 ||| Stepping randomly (stuck).
  2237 | D:3      | 2237 ||| Stepping randomly (stuck).
  2238 | D:3      | 2238 ||| Stepping randomly (stuck).
  2239 | D:3      | 2239 ||| Stepping randomly (stuck).
  2240 | D:3      | 2240 ||| qw: Version: 0.3-a-155-g5e7d8dd
  2240 | D:3      | 2240 ||| qw: Game counter: 2893
  2240 | D:3      | 2240 ||| qw: Melee chars always use a shield: true
  2240 | D:3      | 2240 ||| qw: God list: Okawaru
  2240 | D:3      | 2240 ||| qw: Allow faded altars: false
  2240 | D:3      | 2240 ||| qw: Do Orc after clearing Dungeon:15 true
  2240 | D:3      | 2240 ||| qw: Do second Lair branch before Depths: true
  2240 | D:3      | 2240 ||| qw: Lair rune preference: random
  2240 | D:3      | 2240 ||| qw: Goals: Normal
  2240 | D:3      | 2240 ||| PLANNING D:1-11
  2240 | D:3      | 2240 ||| Stepping randomly (stuck).
  2241 | D:3      | 2241 ||| qw: Version: 0.3-a-155-g5e7d8dd
  2241 | D:3      | 2241 ||| qw: Game counter: 2893
  2241 | D:3      | 2241 ||| qw: Melee chars always use a shield: true
  2241 | D:3      | 2241 ||| qw: God list: Okawaru
  2241 | D:3      | 2241 ||| qw: Allow faded altars: false
  2241 | D:3      | 2241 ||| qw: Do Orc after clearing Dungeon:15 true
  2241 | D:3      | 2241 ||| qw: Do second Lair branch before Depths: true
  2241 | D:3      | 2241 ||| qw: Lair rune preference: random
  2241 | D:3      | 2241 ||| qw: Goals: Normal
  2241 | D:3      | 2241 ||| PLANNING D:1-11
  2241 | D:3      | 2241 ||| Stepping randomly (stuck).
  2242 | D:3      | 2242 ||| Stepping randomly (stuck).
  2243 | D:3      | 2243 ||| Stepping randomly (stuck).
  2244 | D:3      | 2244 ||| Stepping randomly (stuck).
  2245 | D:3      | 2245 ||| Stepping randomly (stuck).
  2246 | D:3      | 2246 ||| Stepping randomly (stuck).
  2247 | D:3      | 2247 ||| Stepping randomly (stuck).
  2248 | D:3      | 2248 ||| qw: Version: 0.3-a-155-g5e7d8dd
  2248 | D:3      | 2248 ||| qw: Game counter: 2893
  2248 | D:3      | 2248 ||| qw: Melee chars always use a shield: true
  2248 | D:3      | 2248 ||| qw: God list: Okawaru
  2248 | D:3      | 2248 ||| qw: Allow faded altars: false
  2248 | D:3      | 2248 ||| qw: Do Orc after clearing Dungeon:15 true
  2248 | D:3      | 2248 ||| qw: Do second Lair branch before Depths: true
  2248 | D:3      | 2248 ||| qw: Lair rune preference: random
  2248 | D:3      | 2248 ||| qw: Goals: Normal
  2248 | D:3      | 2248 ||| PLANNING D:1-11
  2248 | D:3      | 2248 ||| Stepping randomly (stuck).
  2265 | D:4      | Reached skill level 8 in Ranged Weapons
  2312 | D:4      | Noticed a scorpion
  2318 | D:4      | Killed a scorpion
  2319 | D:4      | Reached XP level 5. HP: 21/29 MP: 7/7
  2468 | D:4      | 2468 ||| FLEEEEING.
  2469 | D:4      | 2469 ||| FLEEEEING.
  2471 | D:4      | 2471 ||| FLEEEEING.
  2472 | D:4      | 2472 ||| FLEEEEING.
  2473 | D:4      | 2473 ||| FLEEEEING.
  2474 | D:4      | 2474 ||| qw: Version: 0.3-a-155-g5e7d8dd
  2474 | D:4      | 2474 ||| qw: Game counter: 2893
  2474 | D:4      | 2474 ||| qw: Melee chars always use a shield: true
  2474 | D:4      | 2474 ||| qw: God list: Okawaru
  2474 | D:4      | 2474 ||| qw: Allow faded altars: false
  2474 | D:4      | 2474 ||| qw: Do Orc after clearing Dungeon:15 true
  2474 | D:4      | 2474 ||| qw: Do second Lair branch before Depths: true
  2474 | D:4      | 2474 ||| qw: Lair rune preference: random
  2474 | D:4      | 2474 ||| qw: Goals: Normal
  2474 | D:4      | 2474 ||| PLANNING D:1-11
  2474 | D:4      | 2474 ||| FLEEEEING.
  2478 | D:4      | 2478 ||| FLEEEEING.
  2479 | D:4      | 2479 ||| FLEEEEING.
  2480 | D:4      | HP: 2/29 [something/magic dart (8)]
  2482 | D:4      | Reached skill level 9 in Ranged Weapons
  2485 | D:4      | Slain by an orc

Levels and vault maps discovered:
D:1:      matt_arrival_refuge, layout_basic
D:2:      layout_basic
D:3:      cheibrodos_helix_gallery, layout_basic,
          nicolae_overflow_ecumenical_swirl, hangedman_decor_push
D:4:      layout_loops_ring

Skill      XL: |  1  2  3  4  5 |
---------------+----------------+-----
Ranged Weapons | 6 7 8 9 |  9.0
Fighting       | |  1.5
Dodging        | |  2.4
Stealth        | |  1.2

Action                     |  1- 3 |  4- 6 || total
---------------------------+-------+-------++-------
   Fire: Shortbow          |   141 |    47 ||   188
    Use: Scroll            |     5 |     3 ||     8
 Armour: Leather armour    |    12 |       ||    12
         Ring mail         |       |    16 ||    16
  Dodge: Dodged            |    26 |     6 ||    32

Table legend:
 A = Non-vault XP
 B = Vault XP
 C = Vault XP percentage of total XP
 D = Non-vault monster count
 E = Vault monster count
 F = Vault count percentage of total count
                 A         B        C        D         E       F
            +---------+---------+-------+---------+---------+-------
      Total |     279 |       2 |   0.7 |      61 |       2 |   3.2
            +---------+---------+-------+---------+---------+-------
        D:1 |      19 |       0 |   0.0 |      11 |       0 |   0.0
        D:2 |      63 |       0 |   0.0 |      24 |       0 |   0.0
        D:3 |      20 |       2 |   9.1 |      13 |       2 |  13.3
        D:4 |     177 |       0 |   0.0 |      13 |       0 |   0.0
            +---------+---------+-------+---------+---------+-------
